[Event "*** Titled Tuesday Blitz AM"]
[Site "Chess.com"]
[Date "2020.01.07"]
[Round "8"]
[White "cancrushyou"]
[Black "GremioPrudente"]
[Result "1-0"]
[WhiteElo "2463"]
[BlackElo "2274"]
[TimeControl "180+2"]
[EndTime "10:52:13 PST"]
[Termination "cancrushyou won on time"]

1. d4 d5 2. c4 c6 3. cxd5 cxd5 4. Bf4 Nf6 5. Nc3 e6 6. e3 Bd6 7. Bxd6 Qxd6 8. f4 O-O 9. Nf3 b6 10. Bd3 Ba6 11. O-O Bxd3 12. Qxd3 Nbd7 13. Ne5 Rac8 14.
Rac1 Qb8 15. Qa6 Nxe5 16. fxe5 Ne4 17. Nb5 Nd2 18. Rfe1 Rxc1 19. Rxc1 Nc4 20. Qxa7 Qxa7 21. Nxa7 Nxb2 22. Nc8 Nc4 23. Nd6 Nxe3 24. Rc6 Nc4 25. Nxc4 dxc4 26. Rxc4 f6 27. exf6 gxf6 28. Rc6 Ra8 29.
Rxe6 Kf7 30. Rxb6 Rxa2 31. Rb7+ Kg6 32. h3 Rd2 33. Rd7 h5 34. d5 h4 35. d6 Kf5 36.
Rd8 Ke6 37. Re8+ Kf7 38. Re7+ Kf8 39. Re6 Kf7 40. Re7+ Kf8 41. Rh7 Rxd6 42. Rxh4 Kg7 43. Kh2 Rd2 44. Rg4+ Kh7 45. Kg3 Ra2 46. Kf4 Ra5 47.
h4 Ra4+ 48. Kf5 Rxg4 49. Kxg4 Kg6 50. g3 Kg7 51. Kf5 Kf7 52. h5 Kg7 53. g4 Kf7 54. h6 Kf8 55. Kxf6 Kg8 56. g5 Kh8 57. g6 Kg8 58. h7+ Kh8 59. g7+ Kxh7 60. Kf7 Kh6 61. g8=Q 1-0

[Event "*** Titled Tuesday Blitz AM"]
[Site "Chess.com"]
[Date "2020.01.07"]
[Round "8"]
[White "fireheart92"]
[Black "Duhless"]
[Result "0-1"]
[WhiteElo "2930"]
[BlackElo "3107"]
[TimeControl "180+2"]
[EndTime "10:52:18 PST"]
[Termination "Duhless won by resignation"]

1. e4 c5 2. c3 e6 3. d4 d5 4. e5 Nc6 5. Nf3 Qb6 6. a3 Nh6 7.
b4 cxd4 8. cxd4 Nf5 9. Be3 g5 10. h3 Bg7 11. Bd3 Nxe3 12. fxe3 h6 13. O-O Bd7 14. Nc3 Rc8 15. Na4 Qd8 16. Nc5 Rc7 17. Rc1 h5 18. Nd2 Bc8 19. Qf3 g4 20. hxg4 Qh4 21. g5 Qxg5 22. b5 Nxe5 23. dxe5 Bxe5 24. Ncb3 Kd8 25. Rxc7 Bxc7 26. Rc1 Rg8 27. Nf1 Bb6 28. Rc2 Ke7 29. Nd4 Bd7 30. Rf2 Rg7 31. a4 Bc5 32. Nd2 Be8 33. N2b3 Bd6 34. Qh3 Qe5 35. Nd2 Kd7 36.
Nf5 exf5 37. Rxf5 Qe6 38. Rxh5 Qxh3 39. Rxh3 Ke7 40. Nf3 Bd7 41. Rh7 Rg4 42. Nd4 Bc5 43.
Nf5+ Bxf5 44. Bxf5 Bxe3+ 45. Kh2 Rxa4 46. Bg6 Rf4 47.
Kh3 d4 48. g4 Rf6 49. Bf5 Kd6 50. Kg2 Kc5 51. Kf3 Kxb5 52. Ke4 a5 53. Ke5 Rb6 54.
Rxf7 a4 55. Bd7+ Kb4 56. Rf8 a3 57. Ra8 Ra6 58. Rb8 a2 59. Rxb7+ Kc3 0-1

[Event "*** Titled Tuesday Blitz AM"]
[Site "Chess.com"]
[Date "2020.01.07"]
[Round "8"]
[White "enriquetejedor"]
[Black "Rainbow2014"]
[Result "1-0"]
[WhiteElo "2474"]
[BlackElo "2285"]
[TimeControl "180+2"]
[EndTime "10:52:21 PST"]
[Termination "enriquetejedor won by resignation"]

1. e4 c5 2. Nc3 e6 3. g3 a6 4. Bg2 b5 5. d3 Bb7 6. f4 b4 7. Nce2 Nc6 8. Nf3 d6 9. O-O Nf6 10. h3 h5 11. f5 e5 12. Nh2 Be7 13. g4 hxg4 14. hxg4 Nd7 15. Nf3 Nd4 16. Kf2 Qb6 17. Be3 g6 18. Ng3 Nf6 19. Nd2 Rh4 20. Nc4 Qc7 21. Bf3 d5 22. Nd2 c4 23. Rh1 Rxh1 24. Bxh1 O-O-O 25. g5 Nh5 26. Nxh5 gxh5 27. f6 Bc5 28. dxc4 dxc4 29. Nxc4 Ne6 30. Qf1 Nxg5 31. Rd1 Nxe4+ 32. Bxe4 Bxe4 33. Rxd8+ Kxd8 34. Bxc5 Qxc5+ 35. Ne3 Bb7 36. Qd1+ Kc7 37. Qxh5 Qf8 38. Qxe5+ Kc8 39. Nf5 Bc6 40. Ne7+ Kb7 41. Qd6 Bb5 42. Qd5+ Ka7 43. Qc5+ Kb7 44. Qxb4 Qh6 45. Qe4+ Ka7 46. Qe3+ Qxe3+ 47. Kxe3 Bc4 48. b3 Be6 49. c4 Kb6 50. Kd4 Ka5 51.
Nd5 Bf5 52. a3 Bc2 53. Kc3 Bxb3 54. Ne7 Ka4 55. Nf5 Kxa3 56. Nd6 a5 57. Nxf7 a4 58. Nd6 Ka2 59. f7 a3 60. f8=Q Kb1 61. Kxb3 1-0

[Event "*** Titled Tuesday Blitz AM"]
[Site "Chess.com"]
[Date "2020.01.07"]
[Round "8"]
[White "politeplayer"]
[Black "Mikhail_Golubev"]
[Result "0-1"]
[WhiteElo "2169"]
[BlackElo "2585"]
[TimeControl "180+2"]
[EndTime "10:52:24 PST"]
[Termination "Mikhail_Golubev won by checkmate"]

1. e4 c5 2. Nf3 d6 3. d4 Nf6 4. Nc3 cxd4 5. Nxd4 Nc6 6. Bg5 e6 7. Qd2 a6 8. O-O-O Bd7 9. f3 Nxd4 10. Qxd4 Rc8 11.
h4 Be7 12. Kb1 b5 13. e5 dxe5 14. Qxe5 O-O 15. Bd3 Rc5 16. Qd4 Qc7 17. Bxf6 Bxf6 18. Qxd7 Qxd7 19. Bxh7+ Kxh7 20. Rxd7 Bxc3 21. bxc3 Rxc3 22.
Rhd1 Kg6 23. R7d6 Rfc8 24. R1d2 R3c4 25. g3 Ra4 26. g4 Rc3 27. h5+ Kf6 28. Rf2 Ke5 29.
Rd7 Rf4 30. g5 Rcxf3 31. Rxf3 Rxf3 32. h6 gxh6 33. gxh6 Kf6 34. h7 Kg7 35. Ra7 Kxh7 36. Rxa6 Kg6 37. Ra5 Rf5 38. a4 bxa4 39. Rxa4 Rb5+ 40.
Kc1 f5 41. Kd2 Rd5+ 42. Ke3 Kf6 43. c4 Rd8 44. c5 Ke5 45. Rc4 Rc8 46. Rc1 Rc6 47. Rc2 Kd5 48. Kf4 Rxc5 49. Rd2+ Kc6 50. Re2 Kd6 51. Rd2+ Rd5 52. Ra2 Rd4+ 53. Ke3 Re4+ 54.
Kd3 Ke5 55. Ra6 Rd4+ 56. Ke2 Rb4 57. Ra5+ Kf4 58. Rc5 e5 59. Rc8 e4 60. Kf1 Kf3 61. Rh8 Rb1# 0-1

[Event "*** Titled Tuesday Blitz AM"]
[Site "Chess.com"]
[Date "2020.01.07"]
[Round "8"]
[White "mishanick"]
[Black "TigrVShlyape"]
[Result "1-0"]
[WhiteElo "2976"]
[BlackElo "2826"]
[TimeControl "180+2"]
[EndTime "10:52:25 PST"]
[Termination "mishanick won by resignation"]

1. d4 Nf6 2. c4 g6 3. Nc3 Bg7 4. e4 d6 5. Nf3 O-O 6. Be2 e5 7. O-O Na6 8. Be3 Ng4 9. Bg5 f6 10. Bh4 Qe8 11. d5 Nh6 12. Ne1 g5 13. Bg3 f5 14. f3 Bd7 15. Nd3 g4 16. fxg4 Nxg4 17.
Bxg4 fxg4 18. Qd2 Qg6 19. Bf2 h5 20. Be3 h4 21. b4 b6 22. a3 h3 23. g3 Rae8 24. Rxf8+ Rxf8 25. Rf1 Rxf1+ 26. Kxf1 Nb8 27. Nf2 a6 28. Qe2 Bc8 29. Ke1 Bd7 30. Kd2 Bf8 31.
Kc1 Be7 32. Kb2 Bf8 33. Bd2 Be7 34. Ncd1 c5 35. Ne3 Bg5 36. Nc2 Bd8 37. Ne3 Bg5 38. Nc2 Bd8 39. Kc3 a5 40. b5 Kh7 41. Ne3 Bg5 42.
Nexg4 Bxd2+ 43. Kxd2 Qg5+ 44. Qe3 Qg6 45. Qf3 Kg7 46.
Ne3 Qg5 47. g4 Qf4 48. Qxf4 exf4 49. Nf5+ Bxf5 50. exf5 Nd7 51. Nxh3 Ne5 52. Nxf4 Nxg4 53. h4 Kf6 54. Ng6 Nh6 55. h5 Nxf5 56. Kd3 Ng3 57.
Nf4 Kg5 58. Ne6+ Kxh5 59. Nf8 Kg5 60. Nd7 Nf5 61. Nxb6 Kf6 62. Nc8 1-0

[Event "*** Titled Tuesday Blitz AM"]
[Site "Chess.com"]
[Date "2020.01.07"]
[Round "8"]
[White "sganerdene"]
[Black "Gogolev_Artemy"]
[Result "1-0"]
[WhiteElo "2650"]
[BlackElo "2443"]
[TimeControl "180+2"]
[EndTime "10:52:26 PST"]
[Termination "sganerdene won by checkmate"]

1. e4 c6 2. Nf3 d5 3. Nc3 Nf6 4. e5 Ne4 5. d4 Nxc3 6. bxc3 c5 7. Bd3 Nc6 8. O-O Bg4 9. Rb1 Qc7 10. h3 Bxf3 11. Qxf3 e6 12. Be3 c4 13. Be2 Be7 14. Qg4 g6 15. Bh6 O-O-O 16. Qf3 Bf8 17. Bc1 h5 18. a4 Bh6 19. Ba3 Bf8 20. Bb2 Bh6 21. Ra1 Rdg8 22. Rfb1 Bf8 23. Qe3 g5 24. g3 g4 25.
hxg4 hxg4 26. Bf1 Rh5 27. Qe2 Rgh8 28. Bg2 Nd8 29. Qxg4 f5 30. exf6 Qh7 31. Kf1 Qxc2 32. Kg1 Qh7 33. Kf1 Qc2 34. Bc1 Rf5 35. Be3 Qxc3 36.
Kg1 Rxf6 37. Bxd5 Bd6 38. Rc1 Qa5 39. Rxc4+ Kb8 40. Bg2 Rf7 41. Rb1 Rc7 42. Rxc7 Bxc7 43.
Qe4 Qa6 44. Bf1 Qd6 45. Bg2 Rf8 46. Rxb7+ Kc8 47. Rxa7 Qb4 48. Ra8+ Kd7 49. Kf1 Qc4+ 50. Ke1 Rf5 51. Bh3 Rh5 52. Qg4 Rh7 53. Qg8 Rxh3 54. Qg7+ Kc6 55. Kd2 Qa2+ 56. Kc3 Rh5 57. Ra6+ Kb7 58.
Ra7+ Kxa7 59. Qxc7+ Nb7 60. d5+ Ka8 61. Qc8# 1-0

[Event "*** Titled Tuesday Blitz AM"]
[Site "Chess.com"]
[Date "2020.01.07"]
[Round "8"]
[White "MikeSailer"]
[Black "levallem"]
[Result "0-1"]
[WhiteElo "2102"]
[BlackElo "2183"]
[TimeControl "180+2"]
[EndTime "10:52:27 PST"]
[Termination "levallem won by resignation"]

1. b4 e5 2. Bb2 f6 3. a3 d5 4. e3 Be6 5. Nf3 Nd7 6. d4 e4 7.
Nfd2 c6 8. c4 Bd6 9. Nc3 Ne7 10.
b5 O-O 11. a4 f5 12. a5 a6 13. bxc6 bxc6 14. cxd5 cxd5 15. Ba3 Bc7 16. Nb3 f4 17. exf4 Rxf4 18. Be2 Nc6 19. Nc5 Nxc5 20. Bxc5 Bxa5 21. Qc1 Qf6 22. O-O Bb4 23. Rxa6 Rxa6 24. Bxa6 Bxc5 25.
dxc5 d4 26. Ne2 Rg4 27. Ng3 Bd5 28. Bc4 Qe6 29. Bxd5 Qxd5 30. h3 Rg6 31. Qf4 Re6 32. Ra1 h6 33. Ra8+ Kh7 34. Rc8 d3 35. Qd2 Qxc5 36.
Nxe4 Rxe4 37. Qxd3 Qc1+ 38. Kh2 Qf4+ 39. Kg1 Ne5 40. Qc2 Qf5 41. Kh2 Qf4+ 42. Kg1 Qf5 43. Kh2 Rf4 44. Qxf5+ Rxf5 45. Re8 Nd3 46. f3 h5 47. Kg3 Kg6 48. h4 Ne5 49. Re6+ Kf7 50. Ra6 g6 51. Ra7+ Ke6 52. Ra6+ Kf7 53. Ra7+ Kf6 54. Ra6+ Kg7 55. Ra7+ Nf7 56. Rb7 Kh6 57.
Ra7 Ne5 58. Rb7 Nd3 59. Ra7 Rb5 60. Rd7 Ne5 61. Re7 Nc4 62. Rc7 Ne3 63. Re7 Nf5+ 0-1

[Event "*** Titled Tuesday Blitz AM"]
[Site "Chess.com"]
[Date "2020.01.07"]
[Round "8"]
[White "viktorskliarov"]
[Black "Region_07"]
[Result "1-0"]
[WhiteElo "2559"]
[BlackElo "2376"]
[TimeControl "180+2"]
[EndTime "10:52:28 PST"]
[Termination "viktorskliarov won on time"]

1. e4 Nc6 2. Nc3 e6 3. d4 Bb4 4. Ne2 d6 5. a3 Ba5 6. b4 Bb6 7. Be3 e5 8. Nd5 Nge7 9. Nxb6 axb6 10. d5 Nb8 11. f4 exf4 12. Nxf4 O-O 13. Bd3 Nd7 14.
O-O Ng6 15. Nxg6 hxg6 16. Bd4 Qe7 17. c4 Ne5 18. Qc2 Bd7 19. Qc3 Rae8 20. Bc2 f5 21.
exf5 Bxf5 22. Ba4 Bd7 23. Bxd7 Qxd7 24. Rxf8+ Kxf8 25. Re1 Qe7 26. Bxe5 dxe5 27. Re4 Kg8 28. c5 bxc5 29. bxc5 Qf6 30. Qf3 Qg5 31. Qe3 Qf5 32. h3 Qf6 33. Qb3 Kh7 34. Qxb7 Rf8 35. Qb3 Qf2+ 36. Kh2 g5 37. d6 cxd6 38. cxd6 Qd2 39.
Qg3 Rf1 40. Qxe5 Qc1 41. Re3 Rh1+ 42. Kg3 Rf1 43. Qe4+ Kh6 44. Qe6+ Rf6 45. Qe5 Qf1 46.
d7 Qd1 47. Qe7 Qd4 48. Kh2 Qf4+ 49. Rg3 g4 50. d8=Q Kg6 51. Qxf6+ gxf6 52. Qg8+ Kf5 53.
Qxg4+ 1-0

[Event "*** Titled Tuesday Blitz AM"]
[Site "Chess.com"]
[Date "2020.01.07"]
[Round "8"]
[White "manitodeplomo"]
[Black "Gahan-MG"]
[Result "1-0"]
[WhiteElo "2688"]
[BlackElo "2494"]
[TimeControl "180+2"]
[EndTime "10:52:30 PST"]
[Termination "manitodeplomo won by resignation"]

1. e4 Nf6 2. e5 Nd5 3. d4 d6 4. c4 Nb6 5. exd6 exd6 6. Nc3 Be7 7. Be3 O-O 8. Qf3 Bf6 9. O-O-O Nc6 10. Ne4 Be7 11.
Nc3 Bf6 12. h4 Re8 13. Ne4 d5 14. Nxf6+ Qxf6 15. Qxf6 gxf6 16. c5 Nd7 17. Nh3 Nf8 18.
Nf4 Be6 19. g4 Kh8 20. Be2 Ne7 21. Nh5 Ng8 22. g5 fxg5 23. hxg5 Bf5 24. Ng3 Bg6 25.
Kd2 Re7 26. f4 Rae8 27. Bf2 Be4 28. Rhe1 Ng6 29. f5 Nh4 30. f6 Re6 31. Bg4 Nf3+ 32.
Bxf3 Bxf3 33. Rxe6 Rxe6 34. Re1 Rxe1 35. Bxe1 h6 36. Ke3 Bd1 37. Kf4 hxg5+ 38. Kxg5 Kh7 39. b4 Nh6 40. Bf2 Ng4 41. Bg1 Nh6 42. Nf1 Bc2 43.
Ne3 Be4 44. Bh2 c6 45. Bf4 Bd3 46. a4 a6 47. a5 Be4 48. Bd6 Bd3 49. Bf8 Ng8 50.
Bg7 Be4 51. Ng4 Bd3 52. Ne5 Bg6 53. Nd7 Nxf6 54. Bxf6 Kg8 55. Be5 Be4 56. Kf6 Bd3 57.
Bf4 Be4 58. Ne5 Bc2 59. Nxf7 1-0

[Event "*** Titled Tuesday Blitz AM"]
[Site "Chess.com"]
[Date "2020.01.07"]
[Round "8"]
[White "lucasran"]
[Black "ShahMatKanal"]
[Result "0-1"]
[WhiteElo "2681"]
[BlackElo "2540"]
[TimeControl "180+2"]
[EndTime "10:52:32 PST"]
[Termination "ShahMatKanal won by resignation"]

1. Nf3 d5 2. c4 c6 3. e3 Nf6 4. Nc3 g6 5. d4 Bg7 6. Be2 O-O 7. O-O b6 8. b3 Bb7 9. Bb2 Nbd7 10. Rc1 e6 11.
Qc2 Rc8 12. Rfd1 Qc7 13. Qb1 Qb8 14. e4 dxe4 15. Nxe4 Nxe4 16. Qxe4 c5 17. Qe3 Bxf3 18. Bxf3 cxd4 19. Rxd4 Nc5 20. Rcd1 Rcd8 21. Rxd8 Rxd8 22. Ba3 Rxd1+ 23. Bxd1 Qe5 24. Qxe5 Bxe5 25. Bc2 f5 26. Kf1 Kf7 27. h3 g5 28. Bc1 Kf6 29. b4 Nb7 30. a3 h5 31. Ke2 g4 32. h4 Bd4 33.
Bg5+ Ke5 34. g3 Bb2 35. a4 Bc3 36. b5 Kd4 37. Bb3 Bb4 38. Bf6+ e5 39. c5 Nxc5 40. Bf7 Nxa4 41. Bxh5 Nc3+ 42. Kf1 Nxb5 43. Bf7 Bf8 44. Bg5 f4 45. gxf4 exf4 46. Bxf4 Ke4 47. Bg5 Nd4 48. Bg6+ Ke5 49. h5 Nf5 50. Bd2 a5 51. Kg2 a4 52.
Bc3+ Ke6 53. Bxf5+ Kxf5 54. Bd2 b5 55. h6 b4 56. Kg3 a3 57. Bc1 b3 58. Bxa3 Bxa3 59. h7 Bb2 60. f3 Be5+ 61. Kg2 gxf3+ 62. Kxf3 b2 0-1

[Event "*** Titled Tuesday Blitz AM"]
[Site "Chess.com"]
[Date "2020.01.07"]
[Round "8"]
[White "Martins-BR"]
[Black "Borsuk_Konstantin"]
[Result "1-0"]
[WhiteElo "2380"]
[BlackElo "2498"]
[TimeControl "180+2"]
[EndTime "10:52:33 PST"]
[Termination "Martins-BR won by resignation"]

1. e4 e6 2. d4 d5 3. Nc3 Bb4 4.
e5 b6 5. a3 Bf8 6. Bb5+ c6 7. Ba4 Ba6 8. Nce2 Ne7 9. c3 Bb5 10.
Bc2 a5 11. f4 a4 12. Nf3 g6 13.
O-O c5 14. Rf2 Nbc6 15. g4 h5 16. h3 hxg4 17. hxg4 Qd7 18. Ng3 Kd8 19. Be3 cxd4 20. Nxd4 Nxd4 21. Qxd4 Nc8 22. f5 Bc5 23. Qd2 gxf5 24.
gxf5 Rg8 25. Rg2 Ne7 26. f6 Nc6 27. Bxc5 bxc5 28. Re1 Na5 29. Bh7 Rh8 30. Bd3 Bc6 31.
Qf2 Qa7 32. Rh2 Kc7 33. Nh5 Qb6 34. Ng7 Rxh2 35. Kxh2 Rb8 36. Re2 Nb3 37. Bg6 fxg6 38. f7 Rh8+ 39. Kg3 c4 40. Nxe6+ Kb7 41. Qxb6+ Kxb6 42. f8=Q Rxf8 43. Nxf8 d4 44. cxd4 Nxd4 45. Re1 Kc5 46. Nxg6 Bd7 47. Nf4 Nf5+ 48. Kf2 Bc6 49. e6 Ne7 50. Rd1 Bb5 51. Rd8 Kc6 52. Ra8 Kc7 53.
Ra7+ Kd6 54. Ke3 Nf5+ 55. Kd2 Ne7 56. Kc3 Nc6 57. Rd7+ Ke5 58. e7 Nxe7 59. Rxe7+ Kxf4 60. Kb4 Bc6 61. Kxc4 1-0

[Event "*** Titled Tuesday Blitz AM"]
[Site "Chess.com"]
[Date "2020.01.07"]
[Round "8"]
[White "StephenDedalus83"]
[Black "AntonSmirnov"]
[Result "0-1"]
[WhiteElo "2702"]
[BlackElo "2894"]
[TimeControl "180+2"]
[EndTime "10:52:36 PST"]
[Termination "AntonSmirnov won by resignation"]

1. e4 e5 2. Nf3 Nf6 3. Nxe5 d6 4. Nf3 Nxe4 5. Bd3 Nf6 6. h3 Be7 7. c3 O-O 8. Bc2 Re8 9. O-O Nbd7 10. d4 Nf8 11.
Na3 Ng6 12. Nc4 Be6 13. Ne3 Bf8 14. d5 Bd7 15. Nd4 c5 16. Ndf5 b5 17. Qf3 Ne5 18. Qg3 g6 19. f4 Nh5 20. Qf2 Nc4 21. Nxc4 bxc4 22. Ne3 Bb5 23. f5 Bg7 24. Ng4 Kh8 25. f6 Bf8 26. Nh6 Qd7 27. g4 Re5 28. a4 Ba6 29. gxh5 Rxh5 30. Ng4 Rxh3 31. Qg2 Rh4 32.
Nf2 Bb7 33. Bg5 Rh5 34. Rad1 Re8 35. Be4 Bh6 36. Bxh6 Rxh6 37. Bf3 Qf5 38. Ng4 Rh4 39. Rfe1 Rf8 40. Re7 Bc8 41. Rde1 h5 42. Re8 Rxe8 43. Rxe8+ Kh7 44. Ne3 Qf4 45. Qf2 Bh3 46. Ng2 Bxg2 47.
Qxg2 Qxf6 48. Qg3 Rf4 49. Be2 Qf5 50. Re3 h4 51. Qh3 Qb1+ 52. Bf1 Qxb2 53. Rf3 Qd2 54. Qg2 Qc1 55. Qf2 Rxf3 56. Qxf3 Kg7 57. Kh2 f5 58.
Bxc4 Kf6 59. Qe2 Qxc3 60. Qe6+ Kg5 61. Qe7+ Qf6 62. Qe3+ f4 63. Qf2 Qc3 64. Be2 Qg3+ 65. Qxg3+ fxg3+ 66. Kh3 Kf4 67. Bf1 g5 68. Bg2 Ke3 69.
Kg4 Kf2 70. Be4 g2 0-1

[Event "*** Titled Tuesday Blitz AM"]
[Site "Chess.com"]
[Date "2020.01.07"]
[Round "8"]
[White "Blagorod"]
[Black "anand-carlsen"]
[Result "0-1"]
[WhiteElo "2102"]
[BlackElo "2349"]
[TimeControl "180+2"]
[EndTime "10:52:42 PST"]
[Termination "anand-carlsen won by resignation"]

1. e4 c5 2. Nc3 Nc6 3. g3 g6 4. Bg2 Bg7 5. d3 d6 6. f4 e6 7.
Be3 Nge7 8. Nf3 O-O 9. O-O Nd4 10.
e5 Nef5 11. Bf2 Nxf3+ 12. Qxf3 Nd4 13. Qd1 dxe5 14. fxe5 Bxe5 15. Ne4 Nc6 16. c3 f5 17. Nxc5 Bd6 18. Re1 Re8 19. Nb3 e5 20. d4 e4 21. g4 Qc7 22. h3 Bf4 23. gxf5 gxf5 24. Qh5 Re7 25. Bh4 Rf7 26. Nc5 b6 27. Nxe4 fxe4 28.
Bxe4 Bd7 29. Bd5 Rf8 30. Re2 Bc8 31. Bxf7+ Qxf7 32. Qxf7+ Kxf7 33. Rf2 Kg6 34. Kh1 Bb7 35. Rg1+ Kh5 36. Bg3 Nxd4+ 37. Kh2 Nf3+ 38. Rxf3 Bxf3 39. Rf1 Rg8 40. Rxf3 Rxg3 41. Rxg3 Kh4 42. b3 Bxg3+ 43.
Kg2 Be5 44. c4 Bd6 45. Kf3 Kxh3 46. Ke4 h5 47. Kd5 Bb4 48. a4 a5 49. Kc6 Bc5 50. Kb5 h4 51. b4 Bxb4 52. Kxb6 Kg2 53. c5 h3 54. c6 Bd6 55. Kxa5 h2 56. Kb6 h1=Q 0-1

[Event "*** Titled Tuesday Blitz AM"]
[Site "Chess.com"]
[Date "2020.01.07"]
[Round "8"]
[White "nihalsarin"]
[Black "Alexander_Donchenko"]
[Result "0-1"]
[WhiteElo "3039"]
[BlackElo "2748"]
[TimeControl "180+2"]
[EndTime "10:52:50 PST"]
[Termination "Alexander_Donchenko won by resignation"]

1. Nf3 Nf6 2. c4 e6 3. Nc3 d5 4. e3 dxc4 5. Bxc4 a6 6. d4 b5 7. Be2 Bb7 8. O-O Nbd7 9. b3 c5 10. Bb2 Bd6 11. a4 b4 12. Nb1 O-O 13. Nbd2 Qe7 14.
Nc4 Bc7 15. Nfe5 Rfd8 16. Nxd7 Rxd7 17. Bf3 Nd5 18. Qc2 Qh4 19. g3 Qh3 20. dxc5 Rad8 21.
Rac1 Nf6 22. e4 Bxe4 23. Qxe4 Nxe4 24. Bxe4 Qg4 25. Bg2 Rd1 26. Ne3 Rxf1+ 27. Bxf1 Qe4 28. Bxa6 Rd2 29. Ba1 Qf3 30. Rf1 h5 31. Ng2 Ra2 32.
Bc4 g5 33. Bd4 h4 34. Ne1 Qe4 35. Be3 h3 36. Bd3 Qd5 37. Bc4 Qe4 38. Bd3 Qa8 39. f3 Qd5 40. Bc4 Qe5 41. Bf2 Rxf2 42. Kxf2 Qxc5+ 43. Ke2 Bb6 44. Nd3 Qe3+ 45. Kd1 Bd4 46. f4 Bc3 47. Rf2 g4 48. a5 Qe4 49. a6 Qh1+ 50.
Kc2 Bd4 51. Re2 Kg7 52. Nxb4 Qa1 53. Nd3 Qc3+ 54. Kd1 Qa1+ 55. Nc1 Bb2 56. Rc2 Bxc1 57. Rxc1 Qd4+ 58. Kc2 Qf2+ 59. Kb1 Qxh2 60. Bd5 Qxg3 61. a7 Qd3+ 62. Ka2 Qxd5 63. Rc8 Qa5+ 0-1

[Event "*** Titled Tuesday Blitz AM"]
[Site "Chess.com"]
[Date "2020.01.07"]
[Round "8"]
[White "1stSecond"]
[Black "IMUltimateBeast"]
[Result "1/2-1/2"]
[WhiteElo "2816"]
[BlackElo "2626"]
[TimeControl "180+2"]
[EndTime "10:52:58 PST"]
[Termination "Game drawn by repetition"]

1. Nf3 d5 2. g3 Bf5 3. Bg2 e6 4. O-O Nf6 5. d3 h6 6. c4 c6 7.
Nc3 Be7 8. cxd5 exd5 9. e4 dxe4 10. dxe4 Qxd1 11. Rxd1 Nxe4 12. Nd4 Nxc3 13. bxc3 Bh7 14. Re1 Kf8 15. Bf4 Nd7 16. Re2 g5 17. Rae1 Bc5 18.
Be3 Bb6 19. h4 Rg8 20. hxg5 hxg5 21. Nb3 Bxe3 22. Rxe3 Rd8 23. Re7 Rg6 24. Na5 Nc5 25.
Nxb7 Nxb7 26. Rxb7 a6 27. Ra7 Rd3 28. c4 Ra3 29.
Re2 Rc3 30. Rxa6 Rxc4 31. a4 Rf6 32. Re1 Kg7 33. a5 Ra4 34. Rc1 Bd3 35. Ra8 Bb5 36. Bf1 Rd6 37. Bxb5 cxb5 38. Rc5 b4 39. Rxg5+ Kf6 40.
Rb5 Kg7 41. Kg2 Kf6 42. Rb7 Kg7 43. Raa7 Rf6 44. f4 Ra2+ 45. Kf3 Ra3+ 46. Kg2 b3 47. Kf2 Ra2+ 48. Kf3 b2 49. g4 Ra3+ 50. Ke4 Ra4+ 51. Ke3 Ra3+ 52. Ke4 Ra4+ 53. Ke5 Rfxf4 54. Rxb2 Rxg4 55. a6 Ra5+ 56. Kd6 Rg6+ 57. Ke7 Raxa6 58. Rxa6 Rxa6 59. Rg2+ Rg6 60. Rf2 Re6+ 61. Kd7 Rf6 62.
Rg2+ Rg6 63. Rf2 Rf6 64. Rg2+ Kf8 65. Rg1 Rg6 66. Rf1 Kg7 67. Ke7 Re6+ 68. Kd7 Rf6 69.
Rg1+ Rg6 70. Rf1 Rf6 71. Rg1+ Rg6 72. Rf1 Rf6 1/2-1/2

[Event "*** Titled Tuesday Blitz AM"]
[Site "Chess.com"]
[Date "2020.01.07"]
[Round "8"]
[White "Endgamegenius"]
[Black "farzadbfd"]
[Result "0-1"]
[WhiteElo "2377"]
[BlackElo "2611"]
[TimeControl "180+2"]
[EndTime "10:52:59 PST"]
[Termination "farzadbfd won by resignation"]

1. e4 c6 2. d4 d5 3. Nc3 dxe4 4. Nxe4 Bf5 5. Ng3 Bg6 6. N1e2 e6 7. Nf4 Bd6 8. c3 Nf6 9. h4 Qc7 10. Qf3 Nd5 11. Nxd5 cxd5 12. h5 Bc2 13. h6 g6 14. Bb5+ Nc6 15. Qf6 Rg8 16. Kd2 Bf5 17. Nxf5 gxf5 18. g3 Be7 19. Qe5 Qxe5 20. dxe5 O-O-O 21. Bxc6 bxc6 22. Ke2 c5 23. Bf4 Kd7 24.
b3 Kc6 25. Rad1 Bg5 26. Rh5 Bxf4 27. gxf4 Rg4 28. Kf3 Rdg8 29. a3 a5 30. b4 axb4 31. axb4 cxb4 32. cxb4 Rb8 33. Rc1+ Kd7 34. Rb1 Rb5 35.
Rg5 Rxg5 36. fxg5 d4 37. Ke2 Rxe5+ 38. Kd3 f4 39. b5 Kc7 40. b6+ Kb7 41. Kxd4 Rxg5 42.
Ke4 Rg6 43. Kxf4 Rxh6 44. Ke5 Rh5+ 45. Ke4 Rf5 46. f4 h5 47. Rb3 h4 48. Rh3 Rh5 49.
Kf3 Kxb6 50. Kg4 Rh8 51. Rxh4 Rxh4+ 52. Kxh4 f6 53. Kh5 Kc5 54. Kg6 e5 55. fxe5 fxe5 56.
Kf5 Kd4 57. Kg4 e4 58. Kg3 e3 59. Kg2 Kd3 60. Kf1 Kd2 0-1

[Event "*** Titled Tuesday Blitz AM"]
[Site "Chess.com"]
[Date "2020.01.07"]
[Round "8"]
[White "Manukyan_Artak"]
[Black "ChessQueen"]
[Result "1/2-1/2"]
[WhiteElo "2459"]
[BlackElo "2657"]
[TimeControl "180+2"]
[EndTime "10:53:10 PST"]
[Termination "Game drawn by repetition"]

1. e4 e5 2. Nf3 Nc6 3. d4 exd4 4.
Nxd4 Nf6 5. Nxc6 bxc6 6. e5 Qe7 7. Qe2 Nd5 8. c4 Nb6 9. b3 a5 10. a4 Qb4+ 11. Nd2 Qc3 12. Rb1 Bb4 13. Qd3 Qxe5+ 14.
Be2 O-O 15. O-O d5 16. Nf3 Qe4 17. Qxe4 dxe4 18. Nd4 c5 19. Nb5 Bf5 20. Be3 c6 21. Nd6 Bg6 22. g4 Rad8 23. Rbd1 Rd7 24. h4 f5 25. h5 f4 26. hxg6 hxg6 27. Nxe4 fxe3 28. fxe3 Re8 29. Ng5 Rxe3 30. Rxd7 Nxd7 31. Rd1 Nf8 32. Kf2 Re5 33. Nf3 Re6 34. Rd8 Bc3 35. Ng5 Rf6+ 36.
Kg2 Be5 37. Bf3 Bf4 38. Ne4 Re6 39. Nxc5 Rd6 40. Rxd6 Bxd6 41. Nb7 Bc7 42. Bxc6 g5 43. Be4 Nd7 44. Bf5 Ne5 45. Kf2 Kf7 46. Ke2 g6 47. Bc8 Ke7 48. Ke3 Nc6 49. Ke4 Nb4 50. Nc5 Bf4 51. Nd3 Bd2 52. Nxb4 Bxb4 53. Kd5 Kd8 54. Be6 Kc7 55. Bf7 Kb6 56. Bxg6 Bc5 57. Be4 Bb4 58. Bf5 Bc5 59. Bd7 Bb4 60. Bb5 Bc5 61. Ke4 Bb4 62. Kf5 Bd2 63. Ke6 Kc5 64. Kd7 Bc3 65. Kc7 Bb4 66. Kb7 Bc3 67. Ka6 Bb4 68.
Bd7 Bc3 69. Bf5 Bb4 70. Bc2 Bc3 71. Bd1 Bb4 72. Kb7 Bc3 73. Kc7 Bb4 74. Kd7 Bc3 75.
Ke6 Bb4 76. Ke5 Bc3+ 77. Ke4 Bb4 78. Ke3 Bc3 79. Ke4 Bb4 80. Kf5 Bd2 81. Ke4 Bb4 1/2-1/2

[Event "*** Titled Tuesday Blitz AM"]
[Site "Chess.com"]
[Date "2020.01.07"]
[Round "8"]
[White "Sethu0025"]
[Black "AminMolaei"]
[Result "1-0"]
[WhiteElo "2806"]
[BlackElo "2577"]
[TimeControl "180+2"]
[EndTime "10:53:13 PST"]
[Termination "Sethu0025 won by resignation"]

1. e4 e5 2. Nf3 Nc6 3. Bb5 a6 4. Ba4 Nf6 5. O-O b5 6. Bb3 Bc5 7. c3 d6 8. a4 Bg4 9. h3 Bh5 10. d3 O-O 11. Bg5 Rb8 12. axb5 axb5 13. Nbd2 h6 14.
Bh4 g5 15. Bg3 Bg6 16. Bh2 Nh5 17. Kh1 Kh7 18. Bc2 Bb6 19. b4 f6 20. Nb3 Nf4 21.
d4 Qe7 22. Bxf4 gxf4 23. Nh4 Rg8 24. Re1 Qf7 25. Qd3 Bh5 26. Nd2 Rg5 27. Bb3 Qd7 28. Ndf3 Bxf3 29. Nxf3 Rh5 30. Kh2 Re8 31. Qxb5 Re7 32. d5 Rg7 33. Rh1 Qg4 34. Qf1 Qg3+ 35. Kg1 Qxf3 36. Bd1 Qxc3 37. Bxh5 f3 38. Bxf3 Nd4 39.
Bg4 Qc2 40. Rc1 Qxe4 41. Re1 Qf4 42. g3 Qg5 43. Kh2 f5 44. Bd1 f4 45. Rg1 Rf7 46.
Qd3+ Kh8 47. Rg2 Nf5 48. Bc2 Nd4 49. Bd1 Nf5 50. Bg4 Nd4 51. Qe4 h5 52. Bd1 f3 53.
Rgg1 Qd2 54. Qe3 Qxe3 55. Rxe3 Kg7 56. Rge1 Kg6 57. Rd3 Kg5 58. Re4 Rf8 59. Ree3 h4 60. Re4 hxg3+ 61. Kxg3 Nf5+ 62. Kh2 Nd4 63. Rg4+ Kh6 64.
Kg3 e4 65. Rxe4 Rg8+ 66. Rg4 Rf8 67. Rdxd4 Bxd4 68. Rxd4 1-0

[Event "*** Titled Tuesday Blitz AM"]
[Site "Chess.com"]
[Date "2020.01.07"]
[Round "8"]
[White "nonscitis"]
[Black "Daxasy"]
[Result "0-1"]
[WhiteElo "2560"]
[BlackElo "2802"]
[TimeControl "180+2"]
[EndTime "10:53:14 PST"]
[Termination "Daxasy won on time"]

1. e4 e6 2. d4 d5 3. Nd2 c5 4.
Ngf3 cxd4 5. Nxd4 Nc6 6. Bb5 Bd7 7. Nxc6 bxc6 8. Bd3 Bd6 9. Qe2 Qc7 10. Nf3 e5 11.
exd5 cxd5 12. Nxe5 Bxe5 13. f4 f6 14. O-O Ne7 15.
fxe5 Qxe5 16. Qf2 Kf7 17. Re1 Qd6 18. Bf4 Qb6 19. Be3 Qc7 20. Bc5 Rhe8 21. Bxh7 Rac8 22. Bxe7 Rxe7 23. Bg6+ Kf8 24. Rxe7 Kxe7 25. Re1+ Kd8 26. Rd1 Qe5 27. Qd4 Qxd4+ 28. Rxd4 Be6 29. Bd3 Ke7 30.
Ra4 Rc7 31. Kf2 Kd6 32. Ke3 Ke5 33. Ra5 f5 34. c4 f4+ 35. Kd2 g5 36. b3 Kd4 37.
cxd5 Bxd5 38. Ra4+ Ke5 39. g3 f3 40. Ke3 Rc3 41. Kd2 Rc8 42. Ra5 Kd4 43. Ra4+ Ke5 44. Bc4 Bc6 45. Rxa7 Rh8 46. Ra5+ Kd4 47. Rxg5 Rxh2+ 48.
Kc1 f2 49. Rf5 Be4 50. Rf4 Ke3 51. a4 Bd3 52. a5 Bxc4 53. bxc4 Rh1+ 54. Kb2 f1=Q 55.
Rxf1 Rxf1 56. Kc3 Ke4 57. Kb4 Ke5 58. Kc5 Ra1 59. Kb6 Kd6 60. c5+ Kd7 61. c6+ Kd6 62.
a6 Rb1+ 63. Ka7 Kxc6 64. g4 Kc7 65. g5 Rb6 0-1